 Dungeon Crawl Stone Soup version 0.20.0-15-g7f486f2 (webtiles) character file.

3152 theElss the Thaumaturge (level 9, -12/47 HPs)
             Began as a Deep Elf Conjurer on July 1, 2017.
             Was a Priest of Vehumet.
             Mangled by Setanta's ghost (16 damage)
             ... in a bailey.
             The game lasted 00:34:01 (9223 turns).

theElss the Thaumaturge (Deep Elf Conjurer)         Turns: 9223, Time: 00:34:01

Health: -12/47     AC:  9    Str:  5    XL:     9   Next: 62%
Magic:  1/25       EV: 13    Int: 24    God:    Vehumet [***...]
Gold:   355        SH:  5    Dex: 15    Spells: 15/29 levels left

rFire    + . .     SeeInvis .   z - +1 dagger (venom)
rCold    + . .     Gourm    .   O - +0 buckler
rNeg     . . .     Faith    +   B - +3 leather armour of Ittuakoe {rF+ rC+}
rPois    .         Spirit   .   A - +0 helmet
rElec    .         Reflect  .   (no cloak)
rCorr    .         Harm     .   e - +0 pair of gloves
MR       +....                  y - +0 pair of boots
Stlth    +++.......             m - amulet of faith
Regen    0.2/turn               (no ring)
MPRegen  0.2/turn               v - ring of protection from magic

@: marked
A: no striking features
a: Renounce Religion


You were in a bailey.
You worshipped Vehumet.
Vehumet was most pleased with you.
You were hungry.

You visited 2 branches of the dungeon, and saw 9 of its levels.
You also visited: Bailey.

You collected 355 gold pieces.

Inventory:

Hand Weapons
 g - a +4 short sword
 z - a +1 dagger of venom (weapon)
 H - a +0 shortbow of flaming
Missiles
 I - 64 arrows
Armour
 e - a +0 pair of gloves (worn)
 y - a +0 pair of boots (worn)
 A - a +0 helmet (worn)
 B - the +3 leather armour of Ittuakoe (worn) {rF+ rC+}
   (You found it on level 4 of the Dungeon)

   It protects you from fire.
   It protects you from cold.
 K - a +0 shield
 O - a +0 buckler (worn)
Jewellery
 a - an uncursed amulet of harm
 f - an uncursed ring of flight
 m - an amulet of faith (around neck)
 v - a ring of protection from magic (right hand)
 N - an uncursed ring of magical power {unknown}
Wands
 r - a wand of flame (33/48)
 F - a wand of acid (7/15)
 J - a wand of polymorph (15/24)
 P - a wand of confusion (23/48)
Scrolls
 d - 4 scrolls of immolation {unknown}
 h - 2 scrolls of enchant weapon {unknown}
 j - 4 scrolls of fog
 l - 2 scrolls of amnesia
 o - 4 scrolls of remove curse
 p - a scroll of fear {unknown}
 q - 7 scrolls of teleportation
 t - a scroll of magic mapping {unknown}
 w - 2 scrolls of noise {unknown}
 x - 3 scrolls of identify {unknown}
 E - a scroll of enchant armour {unknown}
 M - a scroll of torment {unknown}
Potions
 i - a potion of degeneration {unknown}
 k - 4 potions of heal wounds {unknown}
 s - 3 potions of curing {unknown}
 u - a potion of flight {unknown}
 G - 2 potions of brilliance {unknown}
 L - a potion of haste {unknown}
Books
 b - a book of Conjurations

   Spells                             Type                      Level
   a - Magic Dart                     Conjuration                  1
   b - Searing Ray                    Conjuration                  2
   c - Dazzling Spray                 Conjuration/Hexes            3
   d - Fulminant Prism                Conjuration/Hexes            4
   e - Force Lance                    Conjuration/Translocation    4
   f - Iskenderun's Mystic Blast      Conjuration                  4
Comestibles
 c - 7 bread rations
 n - 3 meat rations
 C - 6 chunks of flesh
 D - a royal jelly


   Skills:
 - Level 1.0 Fighting
 - Level 1.5 Short Blades
 - Level 1.4 Armour
 - Level 4.7 Dodging
 - Level 5.0 Stealth
 + Level 3.8 Shields
 - Level 10.6 Spellcasting
 - Level 9.7 Conjurations


You had 15 spell levels left.
You knew the following spells:

 Your Spells              Type           Power        Failure   Level  Hunger
a - Magic Dart            Conj           ####         1%          1    None
b - Force Lance           Conj/Tloc      #####...     3%          4    None
c - Searing Ray           Conj           ######       1%          2    None
d - Iskenderun's Mystic   Conj           ######..     1%          4    None
e - Stone Arrow           Conj/Erth      #####.       1%          3    None


Dungeon Overview and Level Annotations

Branches:
Dungeon (8/15)             Temple (1/1) D:5
   Lair: D:8-11

Altars:
Ashenzari
Cheibriados
Dithmenos
Elyvilon
Fedhas
Gozag
Hepliaklqana
Kikubaaqudgha
Makhleb
Nemelex Xobeh
Okawaru
Qazlal
Ru
Sif Muna
Trog
Uskayaw
Vehumet
Xom
Yredelemnul
Zin
The Shining One

Shops:
D:7 :

Annotations:
Bailey Setanta's ghost, novice FoFi


Message History

Unknown command.
Casting: Iskenderun's Mystic Blast
Confirm with . or Enter, or press ? or * to list all spells.
Aiming: Iskenderun's Mystic Blast
Press: ? - help, Shift-Dir - straight line, f/p - Setanta's ghost
Aim: Setanta's ghost, wielding a weapon of protection (moderately damaged)
The orb of energy hits Setanta's ghost.
Setanta's ghost is moderately damaged.
Setanta's ghost hits you.
* * * LOW HITPOINT WARNING * * *
Unknown command.
Casting: Iskenderun's Mystic Blast
Confirm with . or Enter, or press ? or * to list all spells.
Aiming: Iskenderun's Mystic Blast
Press: ? - help, Shift-Dir - straight line, f/p - Setanta's ghost
Aim: Setanta's ghost, wielding a weapon of protection (moderately damaged)
The orb of energy hits Setanta's ghost.
Setanta's ghost is moderately damaged.
Setanta's ghost hits you!
You die...

▓▓▓▓▓
▓@∩.▓
▓W^^▓
▓.∩.▓
##'##
.≈
.≈#
.≈(
.≈##


You could see Setanta's ghost.

Vanquished Creatures
  The ghost of Agrougrou the Chopper, a novice DsFi of Okawaru (D:5)
  Prince Ribbit (D:6)
  A spriggan (D:7)
  Eustachio (D:6)
  Menkaure (D:6)
  Duvessa (D:5)
  An ice beast (D:8)
  2 sky beasts
  2 ogres (D:4)
  3 centaurs
  Blork the orc (D:4)
  A bullfrog (D:7)
  Dowan (D:4)
  A scorpion (D:6)
  A howler monkey (D:5)
  2 crimson imps
  3 hounds
  A centaur skeleton (D:4)
  7 orc priests
  An iguana (D:8)
  7 orc wizards
  5 worker ants
  A howler monkey zombie (D:5)
  A worker ant zombie (D:8)
  Robin (D:4)
  13 gnolls
  10 adders
  4 shadow imps
  2 oozes
  An adder skeleton (D:4)
  4 worms (D:2)
  A dart slug (D:2)
  5 leopard geckos
  31 orcs
  3 ball pythons
  8 bats
  5 giant cockroaches
  15 goblins
  14 hobgoblins
  17 jackals
  A quokka (D:7)
  6 frilled lizards
  A jackal skeleton (D:4)
  10 kobolds
  A quokka zombie (D:6)
  8 rats
208 creatures vanquished.

Notes
Turn   | Place    | Note
-------+----------+-------------------------------------------
     0 | D:1      | theElss the Deep Elf Conjurer began the quest for the Orb.
     0 | D:1      | Reached XP level 1. HP: 10/10 MP: 6/6
   188 | D:1      | Reached XP level 2. HP: 15/15 MP: 4/8
   249 | D:1      | Learned a level 2 spell: Searing Ray
  1181 | D:2      | Reached XP level 3. HP: 19/19 MP: 5/10
  1399 | D:2      | Reached skill level 5 in Conjurations
  1801 | D:2      | Found a blossoming altar of Fedhas.
  1856 | D:2      | Reached skill level 4 in Spellcasting
  2155 | D:2      | Reached XP level 4. HP: 24/24 MP: 9/12
  2182 | D:2      | Learned a level 4 spell: Iskenderun's Mystic Blast
  2825 | D:3      | Found a shimmering altar of Xom.
  3140 | D:3      | Learned a level 4 spell: Force Lance
  3158 | D:4      | Noticed Duvessa
  3171 | D:4      | Reached XP level 5. HP: 28/28 MP: 5/14
  3242 | D:4      | Reached skill level 1 in Short Blades
  3480 | D:4      | Reached skill level 5 in Spellcasting
  3482 | D:4      | Noticed Blork the orc
  3489 | D:4      | Killed Blork the orc
  3489 | D:4      | Reached XP level 6. HP: 32/32 MP: 1/16
  3599 | D:4      | Reached skill level 6 in Spellcasting
  3603 | D:4      | HP: 1/32 [orc/club (3)]
  3941 | D:4      | Noticed Dowan
  3949 | D:4      | Killed Dowan
  3962 | D:5      | Entered Level 5 of the Dungeon
  4095 | D:5      | Killed Duvessa
  4095 | D:5      | Reached XP level 7. HP: 26/36 MP: 2/18
  4215 | D:5      | Found a staircase to the Ecumenical Temple.
  4218 | D:5      | Noticed Agrougrou's ghost (novice DsFi)
  4263 | D:5      | Killed Agrougrou's ghost
  4263 | D:5      | Reached skill level 7 in Spellcasting
  4556 | Temple   | Entered the Ecumenical Temple
  4671 | Temple   | Became a worshipper of Vehumet
  4700 | D:5      | Found a hazy altar of Hepliaklqana.
  5022 | D:4      | Reached XP level 8. HP: 42/42 MP: 16/21
  5071 | D:4      | Reached skill level 8 in Spellcasting
  5223 | D:4      | Noticed Robin
  5228 | D:4      | Killed Robin
  5560 | D:4      | Got a jet-encrusted leather armour
  5654 | D:4      | Found a shadowy altar of Dithmenos.
  5671 | D:4      | Identified the +3 leather armour of Ittuakoe {rF+ rC+} (You found it on level 4 of the Dungeon)
  6141 | D:5      | Reached skill level 9 in Spellcasting
  6143 | D:5      | Reached * piety under Vehumet
  6143 | D:5      | Offered knowledge of Freeze by Vehumet.
  6531 | D:6      | Noticed Prince Ribbit
  6534 | D:6      | Killed Prince Ribbit
  6789 | D:6      | Noticed Menkaure
  6791 | D:6      | Killed Menkaure
  6791 | D:6      | Reached skill level 1 in Armour
  6791 | D:6      | Reached skill level 10 in Spellcasting
  7016 | D:6      | Reached XP level 9. HP: 46/46 MP: 18/25
  7112 | D:6      | Reached skill level 1 in Fighting
  7328 | D:6      | Reached ** piety under Vehumet
  7357 | D:6      | Offered knowledge of Sting by Vehumet.
  7686 | D:6      | Reached skill level 5 in Stealth
  7974 | D:6      | Noticed Eustachio
  7977 | D:6      | Killed Eustachio
  8231 | D:7      | Reached skill level 1 in Shields
  8735 | D:7      | Found Gidaomui's Book Emporium.
  8925 | D:8      | Offered knowledge of Stone Arrow by Vehumet.
  8930 | D:8      | Learned a level 3 spell: Stone Arrow
  9180 | D:8      | Found a flagged portal.
  9187 | D:8      | Reached *** piety under Vehumet
  9212 | Bailey   | Entered a bailey
  9216 | Bailey   | Noticed Setanta's ghost (novice FoFi)
  9223 | Bailey   | Mangled by Setanta's ghost

Skill      XL: |  1  2  3  4  5  6  7  8  9 |
---------------+----------------------------+-----
Conjurations   | 5 6 7 9 |  9.7
Spellcasting   | 4 5 6 7 10 | 10.6
Dodging        | 3 4 |  4.7
Stealth        | 3 4 5 |  5.0
Short Blades   | 1 |  1.5
Armour         | 1 |  1.4
Fighting       | 1 |  1.0
Shields        | 3 |  3.8

Action                   |  1- 3 |  4- 6 |  7- 9 || total
-------------------------+-------+-------+-------++-------
Melee: Short sword       |     3 |     7 |     1 ||    11
       Dagger            |       |       |    26 ||    26
 Cast: Magic Dart        |    80 |    56 |   115 ||   251
       Searing Ray       |    10 |     8 |    24 ||    42
       Iskenderun's Myst |       |    14 |    89 ||   103
  Use: Scroll            |       |       |     4 ||     4
  Eat: Chunk             |     4 |     6 |    19 ||    29
Armor: Robe              |    11 |     8 |     1 ||    20
       Leather armour    |       |       |    24 ||    24
Dodge: Dodged            |    26 |    32 |    53 ||   111
Block: Buckler           |       |       |     3 ||     3
       Shield            |       |       |     2 ||     2
